 Dungeon Crawl Stone Soup version 0.31-a0-210-gccc998df9b (webtiles) character file.

Game seed: 14958302558315788044

2771 qw the Skirmisher (level 9, -2/79 HPs)
             Began as a Minotaur Hexslinger on June 29, 2023.
             Slain by an orc
             ... wielding a +0 whip
              (5 damage)
             ... on level 8 of the Dungeon.
             The game lasted 00:02:12 (6861 turns).

qw the Skirmisher (Minotaur Hexslinger)             Turns: 6861, Time: 00:02:12

Health: -2/79      AC:  8    Str: 14    XL:     9   Next: 42%
Magic:  9/9        EV: 18    Int: 10    God:
Gold:   304        SH:  0    Dex: 19    Spells: 9/10 levels left

rFire   . . .        Y - +0 orcbow
rCold   . . .        (shield currently unavailable)
rNeg    . . .        f - +0 ring mail
rPois   .            (helmet restricted)
rElec   .            (no cloak)
rCorr   .            h - +2 pair of gloves {Dex+3}
SInv    .            (no boots)
Will    .....        c - amulet of faith
Stlth   +            g - +5 ring of evasion
HPRegen 0.33/turn    (no ring)
MPRegen 0.11/turn

%: faith
@: lethally poisoned (-2 -> -13)
A: horns 2, retaliatory headbutt
a: no special abilities


You were on level 8 of the Dungeon.
You visited 2 branches of the dungeon, and saw 9 of its levels.

You collected 304 gold pieces.


Innate Abilities, Weirdness & Mutations

You have a pair of horns on your head.
You reflexively headbutt those who attack you in melee.


   Skills:
 - Level 7.0 Fighting
 + Level 11.8 Ranged Weapons
 - Level 3.3 Armour
 - Level 4.3 Dodging
 - Level 1.0 Spellcasting
 - Level 2.0 Hexes


You had 9 spell levels left.
You knew the following spells:

 Your Spells              Type           Power      Damage    Failure   Level
a - Slow                  Hex            16%        N/A       30%         1

Your spell library contained the following spells:

 Spells                   Type           Power      Damage    Failure   Level
 Inner Flame              Hex/Fire       2%         N/A       80%         3
 Portal Projectile        Hex/Tloc       4%         N/A       80%         3
 Cause Fear               Hex            2%         N/A       96%         4

Inventory:

Hand Weapons
 Y - a +0 orcbow (weapon)
Armour
 f - a +0 ring mail (worn)
 h - a +2 pair of gloves of dexterity (worn)
Jewellery
 c - an amulet of faith (around neck)
 g - a +5 ring of evasion (left hand)
 k - an amulet of the acrobat
Scrolls
 i - 2 scrolls of identify
Potions
 a - a potion of curing
 b - a potion of cancellation
 m - a potion of haste
 n - a potion of might

Dungeon Overview and Level Annotations

Branches:
Dungeon (8/15)             Temple (1/1) D:7
   Lair: D:8-11

Altars:
Ashenzari
Cheibriados
Dithmenos
Elyvilon
Fedhas
Gozag
Hepliaklqana
Makhleb
Nemelex Xobeh
Qazlal
Ru
Trog
Uskayaw
Vehumet
Wu Jian
Xom
Yredelemnul
Zin

Annotations:
D:5 Menkaure


Message History

You shoot an arrow.
The arrow hits the orc wizard but does no damage.
The orc throws a boomerang.
The boomerang hits you.
You shoot an arrow. The arrow hits the orc wizard!
The orc wizard is almost dead.
You shoot an arrow. The arrow hits the orc wizard!
You kill the orc wizard!
The orc throws a boomerang.
The boomerang barely misses you.
You shoot an arrow. The arrow hits the orc wizard!
The orc wizard is almost dead.
The orc throws a boomerang.
The boomerang barely misses you.
You shoot an arrow.
The arrow closely misses the orc wizard.
The arrow barely misses the orc priest.
The orc hits you but does no damage.
The orc wizard gestures at you while chanting.
You easily resist.
You shoot an arrow. The arrow hits the orc wizard.
The orc wizard is almost dead.
The orc wizard closely misses you. You furiously retaliate!
You headbutt the orc wizard!
You kill the orc wizard!
The orc hits you with a +1 dagger of venom.
You are poisoned.
You shoot an arrow. The arrow hits the orc priest!
The orc priest is heavily wounded.
You feel very sick. The orc closely misses you.
The orc priest closely misses you. You furiously retaliate!
You headbutt the orc priest! You shoot an arrow.
The arrow hits the orc priest!!
You kill the orc priest!
You feel sick. The orc closely misses you.
The orc throws a boomerang.
The boomerang hits you but does no damage.
You shoot an arrow. The arrow barely misses the orc.
You feel sick. The orc hits you but does no damage.
You are lethally poisoned!
You shoot an arrow. The arrow barely misses the orc.
You feel very sick. The orc barely misses you. The orc hits you with a +0 whip.
You die...

............
...........
..........#
..........#
.......... #
##...)..###..#
#....oo.......
7@..7 #7.7# )7
.7 7.


7 You could see 2 orcs.

Vanquished Creatures
  Prince Ribbit (D:7)
  Grinder (D:5)
  4 yaks (D:8)
  2 water moccasins
  3 sky beasts
  2 ice beasts (D:7)
  An ogre (D:7)
  A black bear (D:5)
  2 phantoms
  2 bullfrogs
  2 scorpions (D:7)
  3 hounds
  2 gnoll boudas
  3 orc priests
  An iguana (D:3)
  3 orc wizards
  A hound skeleton (D:3)
  9 adders
  9 gnolls
  A white imp (D:6)
  2 ufetubi
  2 adder zombies (D:3)
  2 adder skeletons (D:3)
  A worm (D:3)
  2 dart slugs
  7 endoplasms
  4 giant cockroaches
  3 goblins
  3 hobgoblins
  3 jackals
  5 quokkas
  7 ball pythons
  A ball python skeleton (D:3)
  8 bats
  3 kobolds (D:4)
  4 rats
110 creatures vanquished.

Notes
Turn   | Place    | Note
-------+----------+-------------------------------------------
     0 | D:1      | qw the Minotaur Hexslinger began the quest for the Orb.
     0 | D:1      | Reached XP level 1. HP: 16/16 MP: 1/1
     0 | D:1      | 0 ||| qw: Version: 0.3-a-24-g62f9e04
     0 | D:1      | 0 ||| qw: Game counter: 6671
     0 | D:1      | 0 ||| qw: Melee chars always use a shield: true
     0 | D:1      | 0 ||| qw: God list: Okawaru
     0 | D:1      | 0 ||| qw: Allow faded altars: false
     0 | D:1      | 0 ||| qw: Do Orc after clearing Dungeon:15 true
     0 | D:1      | 0 ||| qw: Do second Lair branch before Depths: true
     0 | D:1      | 0 ||| qw: Lair rune preference: random
     0 | D:1      | 0 ||| qw: Goals: Normal
     0 | D:1      | 0 ||| PLANNING D:1-11
   127 | D:1      | You fall into a shaft and drop 1 floor!
   144 | D:2      | 144 ||| DROPPING scroll of poison.
   486 | D:1      | Reached skill level 3 in Ranged Weapons
   486 | D:1      | Reached XP level 2. HP: 20/23 MP: 2/2
   569 | D:1      | Found a faded altar of an unknown god.
  1032 | D:1      | 1032 ||| UPGRADING to +0 ring mail.
  1042 | D:1      | 1042 ||| DROPPING +0 robe.
  1043 | D:1      | 1043 ||| READING scroll labelled FOOLLI FOXI.
  1048 | D:1      | 1048 ||| READING scroll labelled KOWEONOPIS.
  1254 | D:2      | Reached XP level 3. HP: 10/29 MP: 3/3
  1257 | D:2      | HP: 7/29 [poisoned by an adder]
  1434 | D:2      | Reached skill level 4 in Ranged Weapons
  1464 | D:2      | 1464 ||| SWAPPING to +0 orcbow.
  1465 | D:2      | 1465 ||| DROPPING +2 sling.
  1576 | D:2      | Found a blossoming altar of Fedhas.
  1677 | D:2      | Reached skill level 1 in Armour
  1732 | D:2      | Reached XP level 4. HP: 34/36 MP: 4/4
  1928 | D:2      | 1928 ||| READING scroll labelled POM VOENLELAGY.
  1929 | D:2      | 1929 ||| READING scroll labelled PAORUK JURO.
  2074 | D:3      | Reached skill level 5 in Ranged Weapons
  2112 | D:3      | Reached XP level 5. HP: 39/41 MP: 5/5
  2290 | D:3      | Reached skill level 3 in Fighting
  2345 | D:3      | 2345 ||| UPGRADING to +5 ring of evasion.
  2346 | D:3      | 2346 ||| READING scroll labelled UNAV BIDGHUN.
  2508 | D:4      | Found a snail-covered altar of Cheibriados.
  2508 | D:4      | Found an opulent altar of Gozag.
  2509 | D:4      | Found a stormy altar of Qazlal.
  2519 | D:4      | 2519 ||| Stepping ~*~*~tactically~*~*~ (outnumbered).
  2532 | D:4      | Reached skill level 6 in Ranged Weapons
  2535 | D:4      | HP: 9/45 [gnoll/+0 whip[a gnoll bouda] (3)]
  2856 | D:4      | 2856 ||| UPGRADING to amulet of the acrobat.
  2891 | D:4      | Reached XP level 6. HP: 51/51 MP: 6/6
  3506 | D:4      | 3506 ||| READING scroll labelled URADAQ XEOW.
  3507 | D:4      | 3507 ||| READING scroll labelled USIXKIUGOE.
  3508 | D:4      | 3508 ||| READING scroll labelled KORUCK UCOKLY.
  3508 | D:4      | Identified a scroll of acquirement
  3508 | D:4      | 3508 ||| ACQUIRING +2 pair of gloves of dexterity
  3508 | D:4      | Acquired a +2 pair of gloves of dexterity
  3510 | D:4      | 3510 ||| UPGRADING to +2 pair of gloves of dexterity.
  3516 | D:4      | 3516 ||| DRINKING 2 sapphire potions.
  3517 | D:4      | 3517 ||| DRINKING 2 ruby potions.
  3518 | D:4      | 3518 ||| DRINKING 3 dark potions.
  3519 | D:4      | 3519 ||| DROPPING potion of invisibility.
  3573 | D:5      | Entered Level 5 of the Dungeon
  3676 | D:5      | Noticed Menkaure
  3678 | D:5      | 3678 ||| FLEEEEING.
  3679 | D:5      | 3679 ||| FLEEEEING.
  3680 | D:5      | 3680 ||| FLEEEEING.
  3681 | D:5      | 3681 ||| FLEEEEING.
  3683 | D:5      | 3683 ||| FLEEEEING.
  3684 | D:5      | 3684 ||| FLEEEEING.
  3685 | D:5      | 3685 ||| FLEEEEING.
  3695 | D:5      | HP: 11/52 [??? (9)]
  3696 | D:5      | 3696 ||| READING 2 scrolls of teleportation.
  3697 | D:5      | 3697 ||| DRINKING 2 potions of heal wounds.
  3699 | D:5      | 3699 ||| DRINKING potion of heal wounds.
  3877 | D:5      | Noticed a water moccasin
  3889 | D:5      | Killed a water moccasin
  3890 | D:5      | Reached skill level 7 in Ranged Weapons
  4095 | D:5      | Reached XP level 7. HP: 48/59 MP: 7/7
  4174 | D:5      | Noticed Grinder
  4178 | D:5      | Paralysed by Grinder for 3 turns
  4186 | D:5      | Paralysed by Grinder for 5 turns
  4197 | D:5      | Killed Grinder
  4198 | D:5      | Reached skill level 8 in Ranged Weapons
  4356 | D:5      | Found a hide-covered altar of Uskayaw.
  4356 | D:5      | Found a glowing silver altar of Zin.
  4436 | D:5      | Found an ornate altar of the Wu Jian Council.
  4633 | D:5      | 4633 ||| READING scroll labelled GOKHLI QYQICO.
  4634 | D:5      | 4634 ||| DRINKING 2 pink potions.
  4739 | D:5      | 4739 ||| DRINKING 2 black potions.
  4740 | D:5      | 4740 ||| READING 2 scrolls of identify.
  4740 | D:5      | 4740 ||| IDENTIFYING blue potion
  4741 | D:5      | 4741 ||| DROPPING potion of berserk rage.
  5365 | D:6      | 5365 ||| DRINKING 3 purple potions.
  5399 | D:6      | 5399 ||| READING 4 scrolls of identify.
  5399 | D:6      | 5399 ||| IDENTIFYING fuming green potion
  5400 | D:6      | 5400 ||| READING 3 scrolls of identify.
  5400 | D:6      | 5400 ||| IDENTIFYING glowing inky potion
  5401 | D:6      | 5401 ||| READING 2 scrolls of identify.
  5401 | D:6      | 5401 ||| IDENTIFYING lumpy dark potion
  5402 | D:6      | 5402 ||| DROPPING potion of magic.
  5403 | D:6      | 5403 ||| DROPPING potion of brilliance.
  5404 | D:6      | 5404 ||| DROPPING 2 potions of lignification.
  5478 | D:7      | 5478 ||| DRINKING 2 potions of curing.
  5478 | D:7      | 5478 ||| (to cure confusion)
  5480 | D:7      | Reached skill level 3 in Dodging
  5482 | D:7      | 5482 ||| DRINKING potion of curing.
  5482 | D:7      | 5482 ||| (to cure confusion)
  5485 | D:7      | HP: 10/61 [ogre/+0 giant club (24)]
  5486 | D:7      | 5486 ||| READING scroll of teleportation.
  5487 | D:7      | 5487 ||| DRINKING potion of heal wounds.
  5489 | D:7      | Reached XP level 8. HP: 36/68 MP: 8/8
  5490 | D:7      | Found a staircase to the Ecumenical Temple.
  5491 | D:7      | 5491 ||| PLANNING TEMPLE
  5497 | D:7      | HP: 17/68 [gnoll/+0 halberd[a gnoll bouda] (14)]
  5501 | D:7      | HP: 8/68 [gnoll/+0 halberd[a gnoll bouda] (5)]
  5505 | D:7      | HP: 1/68 [gnoll/+0 halberd[a gnoll bouda] (8)]
  5540 | D:7      | HP: 11/68 [hound (1)]
  5544 | D:7      | Reached skill level 9 in Ranged Weapons
  5726 | Temple   | Entered the Ecumenical Temple
  5836 | Temple   | 5836 ||| PLANNING D:1-11
  5887 | D:7      | Noticed Prince Ribbit
  5909 | D:7      | Killed Prince Ribbit
  5910 | D:7      | Reached skill level 6 in Fighting
  6146 | D:7      | Reached skill level 10 in Ranged Weapons
  6283 | D:7      | Found a white marble altar of Elyvilon.
  6602 | D:7      | 6602 ||| UPGRADING to amulet of faith.
  6617 | D:7      | Reached XP level 9. HP: 77/79 MP: 9/9
  6719 | D:8      | Found a shadowy altar of Dithmenos.
  6719 | D:8      | Found a faded altar of an unknown god.
  6727 | D:8      | Found a faded altar of an unknown god.
  6738 | D:8      | Found a sparkling altar of Nemelex Xobeh.
  6740 | D:8      | Found a basalt altar of Yredelemnul.
  6830 | D:8      | Reached skill level 11 in Ranged Weapons
  6839 | D:8      | Reached skill level 3 in Armour
  6847 | D:8      | HP: 18/79 [yak (8)]
  6848 | D:8      | 6848 ||| READING scroll of teleportation.
  6852 | D:8      | HP: 11/79 [orc/boomerang (4)]
  6857 | D:8      | HP: 12/79 [orc/+1 dagger of venom (1)]
  6861 | D:8      | HP: 3/79 [poisoned by an orc]
  6861 | D:8      | Slain by an orc

Levels and vault maps discovered:
D:1:      minmay_arrival_widening_spiral_wide, layout_basic,
          dreamdust_ecumenical_altar_grove, st_stairs_5,
          minmay_misc_feat_pillars
D:2:      layout_basic, basic_altar
D:3:      layout_rooms, serial_undead, serial_undead_a, serial_undead_c,
          serial_undead_f, serial_undead_c
D:4:      layout_loops_ring, chequers_temple_overflow_statue_of_worship,
          serial_co_window_serial, co_window_of_opportunity_a,
          co_window_paths_a, co_window_paths_a, co_window_of_opportunity_a,
          co_window_paths_b, co_window_paths_c, co_window_of_opportunity_b,
          co_window_unsneaky_path_c, co_window_broadway_c, co_window_corner_cb,
          co_window_broadway_c, co_window_cross_3, glass_columns_a
D:5:      layout_loops_corners, gammafunk_temple_overflow_elements,
          overflow_temple_1_default, uniq_grinder, uniq_menkaure
D:6:      layout_loops_ring
D:7:      layout_basic, old_standard_altar, minmay_temple_entry_ruins,
          serial_co_window_serial, co_window_corner_a, co_window_paths_b,
          co_window_of_opportunity_a, co_window_paths_b, co_window_corner_a,
          co_window_paths_a, co_window_corner_a, co_window_corner_ca,
          co_window_unsneaky_path_a, co_window_corner_cb, co_window_paths_c,
          co_window_2corner, glass_columns_c, glass_columns_a, glass_columns_c,
          glass_columns_b, glass_columns_a, uniq_prince_ribbit1
D:8:      minmay_gate_of_8, layout_basic, tso_altar, lemuel_tele_altar,
          chequers_temple_overflow_minitemple, kennysheep_another_room,
          minmay_stone_trees_medium
Temple:   nicolae_temple_two_arcs

Skill      XL: |  1  2  3  4  5  6  7  8  9 |
---------------+----------------------------+-----
Ranged Weapons | 3 4 5 6 7 8 10 11 | 11.8
Fighting       | 2 3 4 5 7 |  7.0
Armour         | 1 2 3 |  3.3
Dodging        | 3 4 |  4.3
Spellcasting   | |  1.0
Hexes          | |  2.0

Action                     |  1- 3 |  4- 6 |  7- 9 || total
---------------------------+-------+-------+-------++-------
   Fire: Sling             |    68 |       |       ||    68
         Orcbow            |    14 |   204 |   184 ||   402
    Use: Scroll            |     2 |     7 |     7 ||    16
         Potion            |       |     5 |     6 ||    11
 Armour: Robe              |    10 |       |       ||    10
         Ring mail         |    13 |    49 |    30 ||    92
  Dodge: Dodged            |    39 |   105 |   121 ||   265

Table legend:
 A = Non-vault XP
 B = Vault XP
 C = Vault XP percentage of total XP
 D = Non-vault monster count
 E = Vault monster count
 F = Vault count percentage of total count
                 A         B        C        D         E       F
            +---------+---------+-------+---------+---------+-------
      Total |    3388 |     571 |  14.4 |      99 |      11 |  10.0
            +---------+---------+-------+---------+---------+-------
        D:1 |      21 |       4 |  16.0 |      12 |       3 |  20.0
        D:2 |      94 |       0 |   0.0 |      13 |       0 |   0.0
        D:3 |      87 |      41 |  32.0 |      17 |       6 |  26.1
        D:4 |     204 |       0 |   0.0 |      23 |       0 |   0.0
        D:5 |     359 |     262 |  42.2 |       3 |       1 |  25.0
        D:6 |     166 |       0 |   0.0 |       4 |       0 |   0.0
        D:7 |    1303 |     264 |  16.8 |      18 |       1 |   5.3
        D:8 |    1154 |       0 |   0.0 |       9 |       0 |   0.0
            +---------+---------+-------+---------+---------+-------
